 Seeded DCSS version 0.31-a0-435-g2c6fae2916 (webtiles) character file.

Game seed: 6733148913236269867 (custom seed)

38 innerfire43 the Trooper (level 3, 0/43 HPs)
             Began as a Demonspawn Monk on Aug 1, 2023.
             Slain by a gnoll
             ... wielding a +0 whip
              (3 damage)
             ... on level 2 of the Dungeon.
             The game lasted 00:00:57 (622 turns).

innerfire43 the Trooper (Demonspawn Monk)            Turns: 622, Time: 00:00:57

Health: 0/43       AC:  3    Str: 13    XL:     3   Next: 25%
Magic:  3/3        EV: 13    Int: 11    God:
Gold:   1231       SH:  0    Dex: 15    Spells: 2/2 levels left

rFire   . . .        a - +0 hand axe
rCold   . . .        d - orb {light}
rNeg    . . .        b - +0 robe
rPois   .            e - +0 helmet
rElec   .            (no cloak)
rCorr   .            (no gloves)
SInv    .            (no boots)
Will    .....        (no amulet) Stlth
                     (no ring)
HPRegen 0.27/turn    (no ring)
MPRegen 0.08/turn

%: no passive effects
@: berserking, glowing, very quick
A: spiny 1
a: no special abilities


You were on level 2 of the Dungeon.
You visited 1 branch of the dungeon, and saw 2 of its levels.

You collected 1231 gold pieces.

Inventory:

Hand Weapons
 a - a +0 hand axe (weapon)
Armour
 b - a +0 robe (worn)
 d - an orb of light (worn)
 e - a +0 helmet (worn)
Potions
 c - a potion of ambrosia


   Skills:
 + Level 3.5 Fighting
 + Level 3.1 Axes
 + Level 3.1 Dodging


You had 2 spell levels left.
You didn't know any spells.
Your spell library was empty.

Dungeon Overview and Level Annotations

Branches:
Dungeon (2/15)

Altars:


Innate Abilities, Weirdness & Mutations

You are partially covered in sharp spines.


Message History

A gnoll comes into view. It is wielding a +0 whip.
There are monsters nearby!
You slash the gnoll!
The gnoll is heavily wounded.
The gnoll completely misses you.
A gnoll comes into view. It is wielding a +0 halberd.
The gnoll is struck by your spines. The gnoll hits you with a +0 whip.
There are monsters nearby!
You hit the gnoll.
The gnoll is severely wounded.
The gnoll hits you with a +0 whip.
There are monsters nearby!
You hit the gnoll but do no damage.
The gnoll is severely wounded.
The gnoll closely misses you. The gnoll hits you with a +0 whip.
There are monsters nearby!
You hit the gnoll but do no damage.
The gnoll is severely wounded.
The gnoll barely misses you. The gnoll is struck by your spines.
The gnoll barely misses you.
You hit the gnoll but do no damage.
The gnoll is almost dead.
The gnoll barely misses you. The gnoll misses you.
Unknown command.
It was a potion of berserk rage.
A red film seems to cover your vision as you go berserk!
You feel yourself moving faster!
You feel mighty!
The gnoll hits you from afar with a +0 halberd!
* * * LOW HITPOINT WARNING * * *
The gnoll hits you with a +0 whip.
* * * LOW HITPOINT WARNING * * *
The gnoll misses you.
You are too berserk!
You barely miss the gnoll.
The gnoll is almost dead.
You slash the gnoll!
The gnoll hits you from afar with a +0 halberd.
* * * LOW HITPOINT WARNING * * *
The gnoll hits you with a +0 whip.
You die...

.... ... ..# .# #..
#.# #.. .. #.# #gg##
.# #..####gg##.#
#......#@#..#
#......#...#
###..._..#...#
...◎.....##..#
.........##..##
......).......#.#
############......##
#....................
#....#######.#...####


You could see 4 gnolls.

Vanquished Creatures
  A dart slug (D:1)
  2 ball pythons (D:1)
  7 bats
  4 endoplasms (D:1)
  A giant cockroach (D:1)
  5 hobgoblins (D:1)
  A kobold (D:2)
  3 quokkas
  2 frilled lizards (D:1)
  3 goblins (D:1)
  2 rats (D:1)
31 creatures vanquished.

Notes
Turn   | Place    | Note
-------+----------+-------------------------------------------
     0 | D:1      | innerfire43 the Demonspawn Monk began the quest for the
                  | Orb.
     0 | D:1      | Reached XP level 1. HP: 18/18 MP: 1/1
    86 | D:1      | Gained mutation: You are partially covered in sharp spines.
                  | [demonic ancestry]
    86 | D:1      | Reached XP level 2. HP: 12/24 MP: 2/2
   453 | D:1      | Reached XP level 3. HP: 27/29 MP: 3/3
   534 | D:1      | Identified a scroll of acquirement
   534 | D:1      | Acquired 1178 gold pieces
   622 | D:2      | Slain by a gnoll

Illustrated notes

Levels and vault maps discovered:
D:1:      dpeg_arrival_prison, layout_rooms, chequers_arboretum
D:2:      layout_rooms, serial_shops, nicolae_shop_advertising_works
          [nicolae_subvault_shop_adworks], basic_altar

Skill      XL: |  1  2 |
---------------+-------+-----
Axes           | 3 |  3.1
Dodging        | 3 |  3.1
Fighting       | |  3.5

Action                     || total
---------------------------++-------
  Melee: Hand axe          ||    53
    Use: Scroll            ||     3
         Potion            ||     1
 Armour: Robe              ||    10
  Dodge: Dodged            ||    41

Table legend: (Time is in decaauts)
 A = Elapsed time spent in this place.
 B = Non-inter-level travel time spent in this place.
 C = Inter-level travel time spent in this place.
 D = Time resting spent in this place.
 E = Time spent auto-exploring this place.
 F = Levels seen in this place.
 G = Mean time per level.
                   A        B        C        D        E       F      G
               +--------+--------+--------+--------+--------+-----+--------+
         Total |    629 |    613 |     16 |      0 |    462 |   2 |  314.5 |
       Dungeon |    629 |    613 |     16 |      0 |    462 |   2 |  314.5 |
               +--------+--------+--------+--------+--------+-----+--------+

Top non-repeatable levels by time:
     D:1: 560 daAuts
     D:2: 69 daAuts
